AoeStats
← wilson2012629

Arabia

509823808Analyzed
1v1 RM · 4d ago on Sep 28, 2026· 44m 2s· 2 players
Game mode
Random Map
Map size
Tiny (2 player)
Population
200
Speed
Normal
Resources
Standard
Victory
Conquest
Starting age
Dark Age
Ending age
Imperial Age
RankedLock teamsTeams togetherTeam positionsShared explorationLock speedFull tech treeHidden civsTurbo modeCheats
Victory
Defeat
🇹🇼 Sicilians · Taiwan
945
+32
🇲🇽 Magyars · Mexico
920
-15
fersonmx
6:03 Loom
8:58 Feudal Age
9:48 Double-Bit Axe
13:43 Horse Collar
21:26 Castle Age
20:51 Gold Mining
22:52 Bow Saw
23:23 Wheelbarrow
23:18 Town Watch
24:29 Thumb Ring
27:24 Scale Barding Armor
27:25 Husbandry
27:35 Bloodlines
28:13 Stone Mining
29:41 Fletching
30:53 Chain Barding Armor
32:12 Town Patrol
37:11 Crossbowman
44:11 Padded Archer Armor
wilson2012629
7:03 Loom
9:30 Feudal Age
10:45 Double-Bit Axe
13:53 Horse Collar
21:13 Castle Age
19:54 Arson
20:01 Fletching
20:12 Scale Mail Armor
20:11 Gold Mining
20:39 Stone Mining
22:08 Wheelbarrow
22:15 Bow Saw
22:16 Heavy Plow
27:38 Hand Cart
28:05 Forging
29:40 Chain Mail Armor
30:01 Iron Casting
30:06 Bodkin Arrow
31:20 Gold Shaft Mining
43:28 Town Watch
Connection lost

Rejoining the realm…

Still unreachable

The connection could not be restored.

Session expired

The server has moved on; the page needs a fresh start.